Workbook
Name Chronic: #REF!
Name CompCare: #REF!
Name Disease: #REF!
Name Early: #REF!
Name Education: #REF!
Name FTE: #REF!
Name HPDP: #REF!
Name Month: #REF!
Name Months: #REF!
Name Other: #REF!
Name Other1: #REF!
Name Quarters: #REF!
Name SN: #REF!
Name Year: #REF!

Sheet ReadMe
B2: Instructions

Sheet Lead Organization Budget
B1: 2027/28 IPCT Expansion Call for Proposals Budget Template
B4: Lead Organization Name: | D4: Preferred Arrangement for Funding Agreement:
B5: Lead Organization Type:
B6: Proposal ID:
B9: HUMAN RESOURCES (Please select job title from dropdown below) | C9: TYPE | D9: Service Delivery Site (Where FTE is Deployed) (Please refer to comments for more info) | E9: SALARY | F9: FTE (Enter #) | G9: BASE FUNDING
C10: =IFERROR(VLOOKUP($B10,Roles!$A$2:$C$54,2,FALSE),"") | E10: =IFERROR(VLOOKUP($B10,Roles!$A$2:$C$54,3,FALSE),"") | G10: =IFERROR(F10*E10,"")
C11: =IFERROR(VLOOKUP($B11,Roles!$A$2:$C$54,2,FALSE),"") | E11: =IFERROR(VLOOKUP($B11,Roles!$A$2:$C$54,3,FALSE),"") | G11: =IFERROR(F11*E11,"")
C12: =IFERROR(VLOOKUP($B12,Roles!$A$2:$C$54,2,FALSE),"") | E12: =IFERROR(VLOOKUP($B12,Roles!$A$2:$C$54,3,FALSE),"") | G12: =IFERROR(F12*E12,"")
C13: =IFERROR(VLOOKUP($B13,Roles!$A$2:$C$54,2,FALSE),"") | E13: =IFERROR(VLOOKUP($B13,Roles!$A$2:$C$54,3,FALSE),"") | G13: =IFERROR(F13*E13,"")
C14: =IFERROR(VLOOKUP($B14,Roles!$A$2:$C$54,2,FALSE),"") | E14: =IFERROR(VLOOKUP($B14,Roles!$A$2:$C$54,3,FALSE),"") | G14: =IFERROR(F14*E14,"")
C15: =IFERROR(VLOOKUP($B15,Roles!$A$2:$C$54,2,FALSE),"") | E15: =IFERROR(VLOOKUP($B15,Roles!$A$2:$C$54,3,FALSE),"") | G15: =IFERROR(F15*E15,"")
C16: =IFERROR(VLOOKUP($B16,Roles!$A$2:$C$54,2,FALSE),"") | E16: =IFERROR(VLOOKUP($B16,Roles!$A$2:$C$54,3,FALSE),"") | G16: =IFERROR(F16*E16,"")
C17: =IFERROR(VLOOKUP($B17,Roles!$A$2:$C$54,2,FALSE),"") | E17: =IFERROR(VLOOKUP($B17,Roles!$A$2:$C$54,3,FALSE),"") | G17: =IFERROR(F17*E17,"")
C18: =IFERROR(VLOOKUP($B18,Roles!$A$2:$C$54,2,FALSE),"") | E18: =IFERROR(VLOOKUP($B18,Roles!$A$2:$C$54,3,FALSE),"") | G18: =IFERROR(F18*E18,"")
C19: =IFERROR(VLOOKUP($B19,Roles!$A$2:$C$54,2,FALSE),"") | E19: =IFERROR(VLOOKUP($B19,Roles!$A$2:$C$54,3,FALSE),"") | G19: =IFERROR(F19*E19,"")
C20: =IFERROR(VLOOKUP($B20,Roles!$A$2:$C$54,2,FALSE),"") | E20: =IFERROR(VLOOKUP($B20,Roles!$A$2:$C$54,3,FALSE),"") | G20: =IFERROR(F20*E20,"")
C21: =IFERROR(VLOOKUP($B21,Roles!$A$2:$C$54,2,FALSE),"") | E21: =IFERROR(VLOOKUP($B21,Roles!$A$2:$C$54,3,FALSE),"") | G21: =IFERROR(F21*E21,"")
... C32: =IFERROR(VLOOKUP($B32,Roles!$A$2:$C$54,2,FALSE),"") | E32: =IFERROR(VLOOKUP($B32,Roles!$A$2:$C$54,3,FALSE),"") | G32: =IFERROR(F32*E32,"")
B33: TOTAL SALARIES | G33: =SUM(G10:G32) -> 0
B34: TOTAL BENEFITS (22.5% of total salary amount) | G34: =G33*0.225 -> 0
B35: TOTAL HUMAN RESOURCES | E35: FTE: | F35: =SUM(F10:F32) -> 0 | G35: =SUM(G33,G34) -> 0
B37: SPECIALIST SESSIONALS / COLLABORATING PHYSICIAN(S) | C37: NUMBER OF SESSIONALS or FTE | D37: Service Delivery Site (Where FTE is Deployed) (Please refer to comments for more info) | E37: RATE | G37: BASE FUNDING
B38: Specialist Sessionals (FHT only) Please enter # of sessionals --> | E38: 760 | G38: =IFERROR(C38*E38,"") -> 0
B39: Collaborating Physicians (NPLC only) Please enter NP FTE # --> | E39: 12309.69 | G39: =IFERROR(C39*E39,"") -> 0
B41: PHYSICIAN FTE SALARIES (CHC, BSM, IPHCO) | C41: FTE | D41: Service Delivery Site (Where FTE is Deployed) (Please refer to comments for more info) | E41: RATE | G41: BASE FUNDING
B42: Physician - CHC Please enter FTE # --> | E42: 414968.06 | G42: =E42*C42 -> 0
B43: Physician - BSM (Level 2) Please enter FTE # --> | E43: 259672 | G43: =E43*C43 -> 0
B44: Physician - IPHCO Please enter FTE # --> | E44: 414968.06 | G44: =E44*C44 -> 0 | H44: =SUM(E42:E44) -> 1089608.1 | I44: =SUM(F42:F44) -> 0
B45: TOTAL PHYSICIAN COMPENSATION | G45: =SUM(G38:G39)+SUM(G42:G44) -> 0 | H45: =SUM(B42:B44) -> 0 | I45: =SUM(C42:C44) -> 0
B47: OPERATIONAL OVERHEAD | C47: RATE | G47: BASE FUNDING
B48: Overhead (from Human Resources table above) | C48: ="25% on "&F35&" FTE" -> 25% on 0 FTE | G48: =SUM(G35*0.25) -> 0
B49: Overhead (from Physician FTE Salaries table above) | C49: ="25% on "&I45&" FTE" -> 25% on 0 FTE | G49: =SUM(G42:G44)*0.25 -> 0
B50: TOTAL OPERATIONAL OVERHEAD | G50: =SUM(G48:G49) -> 0
B52: TOTAL | G52: =SUM(G35,G45,G50) -> 0
B54: COMMENTS

Sheet Partner IPCT 1 Budget
B1: 2027/2028 IPCT Expansion Call for Proposals Budget Template
B4: Partner Organization Name: | D4: Preferred Arrangement for Funding Agreement:
B5: Partner Organization Type:
B6: Proposal ID: | C6: =IF('Lead Organization Budget'!C6="","",'Lead Organization Budget'!C6)
B9: HUMAN RESOURCES (Please select job title from dropdown below) | C9: TYPE | D9: Service Delivery Site (Where FTE is Deployed) (Please refer to comments for more info) | E9: SALARY | F9: FTE (Enter #) | G9: BASE FUNDING | K9: Instructions: STEP 1: Enter HUMAN RESOURCE details by selecting resource job titles (available for selection in Column B dropdown - Salary will automatically populate) Include annual full-time equivalent (FTE) # for each resource in Column F Base Funding Total will automatically calculate. Please identify the primary deployment site where the FTE will deliver services on this sheet in Column D. STEP 2: Enter number of Specialist Sessions in Column C (Funding will automatically calculate based on included rate - $760 per three hours) Enter annual NP FTE amount for Collaborating Physicians in Column C (Funding will automatically calculate based on included rated - $12,309.69 per year, per FTE NP) Please identify the primary deployment site where the FTE will deliver services on this sheet in Column D. STEP 3: Enter PHYSICIAN FTE by including annual FTE amount for each Physician type (CHC, BSM, IPHCO) in Column C Please identify the primary deployment site where the FTE will deliver services on this sheet in Column D. STEP 4: Review OPERATIONAL OVERHEAD details in the available cells (it reflects a 25% per FTE overhead charge for the total FTE found in the Human Resources table above) STEP 5: Complete a separate Partner IPCT Budget Tab for each participating IPCT and select the applicable funding arrangement from the dropdown. Enter funding and FTE details only for IPCTs for which funding is requested. Notes: - Please select the position title that most closely aligns with the role for the FTEs being requested - Salary rates are for budgeting purposes and do not incorporate future increases. - This budget sheet is applicable only to the purposes of this specific funding Important: Do not alter the structure, formulas, formatting, or dropdowns in this template. If you require additional rows or Partner IPCT Budget Tabs, please contact primarycareexpansion@ontariohealth.ca
C10: =IFERROR(VLOOKUP($B10,Roles!$A$2:$C$54,2,FALSE),"") | E10: =IFERROR(VLOOKUP($B10,Roles!$A$2:$C$54,3,FALSE),"") | G10: =IFERROR(F10*E10,"")
C11: =IFERROR(VLOOKUP($B11,Roles!$A$2:$C$54,2,FALSE),"") | E11: =IFERROR(VLOOKUP($B11,Roles!$A$2:$C$54,3,FALSE),"") | G11: =IFERROR(F11*E11,"")
C12: =IFERROR(VLOOKUP($B12,Roles!$A$2:$C$54,2,FALSE),"") | E12: =IFERROR(VLOOKUP($B12,Roles!$A$2:$C$54,3,FALSE),"") | G12: =IFERROR(F12*E12,"")
C13: =IFERROR(VLOOKUP($B13,Roles!$A$2:$C$54,2,FALSE),"") | E13: =IFERROR(VLOOKUP($B13,Roles!$A$2:$C$54,3,FALSE),"") | G13: =IFERROR(F13*E13,"")
C14: =IFERROR(VLOOKUP($B14,Roles!$A$2:$C$54,2,FALSE),"") | E14: =IFERROR(VLOOKUP($B14,Roles!$A$2:$C$54,3,FALSE),"") | G14: =IFERROR(F14*E14,"")
C15: =IFERROR(VLOOKUP($B15,Roles!$A$2:$C$54,2,FALSE),"") | E15: =IFERROR(VLOOKUP($B15,Roles!$A$2:$C$54,3,FALSE),"") | G15: =IFERROR(F15*E15,"")
C16: =IFERROR(VLOOKUP($B16,Roles!$A$2:$C$54,2,FALSE),"") | E16: =IFERROR(VLOOKUP($B16,Roles!$A$2:$C$54,3,FALSE),"") | G16: =IFERROR(F16*E16,"")
C17: =IFERROR(VLOOKUP($B17,Roles!$A$2:$C$54,2,FALSE),"") | E17: =IFERROR(VLOOKUP($B17,Roles!$A$2:$C$54,3,FALSE),"") | G17: =IFERROR(F17*E17,"")
C18: =IFERROR(VLOOKUP($B18,Roles!$A$2:$C$54,2,FALSE),"") | E18: =IFERROR(VLOOKUP($B18,Roles!$A$2:$C$54,3,FALSE),"") | G18: =IFERROR(F18*E18,"")
C19: =IFERROR(VLOOKUP($B19,Roles!$A$2:$C$54,2,FALSE),"") | E19: =IFERROR(VLOOKUP($B19,Roles!$A$2:$C$54,3,FALSE),"") | G19: =IFERROR(F19*E19,"")
C20: =IFERROR(VLOOKUP($B20,Roles!$A$2:$C$54,2,FALSE),"") | E20: =IFERROR(VLOOKUP($B20,Roles!$A$2:$C$54,3,FALSE),"") | G20: =IFERROR(F20*E20,"")
C21: =IFERROR(VLOOKUP($B21,Roles!$A$2:$C$54,2,FALSE),"") | E21: =IFERROR(VLOOKUP($B21,Roles!$A$2:$C$54,3,FALSE),"") | G21: =IFERROR(F21*E21,"")
... C32: =IFERROR(VLOOKUP($B32,Roles!$A$2:$C$54,2,FALSE),"") | E32: =IFERROR(VLOOKUP($B32,Roles!$A$2:$C$54,3,FALSE),"") | G32: =IFERROR(F32*E32,"")
B33: TOTAL SALARIES | G33: =SUM(G10:G32) -> 0
B34: TOTAL BENEFITS (22.5% of total salary amount) | G34: =G33*0.225 -> 0
B35: TOTAL HUMAN RESOURCES | E35: FTE: | F35: =SUM(F10:F32) -> 0 | G35: =SUM(G33,G34) -> 0
B37: SPECIALIST SESSIONALS / COLLABORATING PHYSICIAN(S) | C37: NUMBER OF SESSIONALS or FTE (ADJUSTED) | D37: Service Delivery Site (Where FTE is Deployed) (Please refer to comments for more info) | E37: RATE | G37: BASE FUNDING
B38: Specialist Sessionals (FHT only) Please enter # of sessionals --> | E38: 760 | G38: =IFERROR(C38*E38,"") -> 0
B39: Collaborating Physicians (NPLC only) Please enter NP FTE # --> | E39: 12309.69 | G39: =IFERROR(C39*E39,"") -> 0
B41: PHYSICIAN FTE SALARIES (CHC, BSM, IPHCO) | C41: FTE (ADJUSTED) | D41: Service Delivery Site (Where FTE is Deployed) (Please refer to comments for more info) | E41: RATE | G41: BASE FUNDING
B42: Physician - CHC Please enter FTE # --> | E42: 414968.06 | G42: =E42*C42 -> 0
A43: FTE | B43: Physician - BSM (Level 2) Please enter FTE # --> | E43: 259672 | G43: =E43*C43 -> 0
B44: Physician - IPHCO Please enter FTE # --> | E44: 414968.06 | G44: =E44*C44 -> 0 | H44: =SUM(E42:E44) -> 1089608.1 | I44: =SUM(F42:F44) -> 0
B45: TOTAL PHYSICIAN COMPENSATION | G45: =SUM(G38:G39)+SUM(G42:G44) -> 0 | H45: =SUM(B42:B44) -> 0 | I45: =SUM(C42:C44) -> 0
B47: OPERATIONAL OVERHEAD | C47: RATE | G47: BASE FUNDING
B48: Overhead (from Human Resources table above) | C48: ="25% on "&F35&" FTE" -> 25% on 0 FTE | G48: =SUM(G35*0.25) -> 0
B49: Overhead (from Physician FTE Salaries table above) | C49: ="25% on "&I45&" FTE" -> 25% on 0 FTE | G49: =SUM(G42:G44)*0.25 -> 0
B50: TOTAL OPERATIONAL OVERHEAD | G50: =SUM(G48:G49) -> 0
B52: TOTAL | G52: =SUM(G35,G45,G50) -> 0
B53: COMMENTS

Sheet Partner IPCT 2 Budget
B1: 2027/2028 IPCT Expansion Call for Proposals Budget Template
B4: Partner Organization Name: | D4: Preferred Arrangement for Funding Agreement:
B5: Partner Organization Type:
B6: Proposal ID: | C6: =IF('Lead Organization Budget'!C6="","",'Lead Organization Budget'!C6)
B9: HUMAN RESOURCES (Please select job title from dropdown below) | C9: TYPE | D9: Service Delivery Site (Where FTE is Deployed) (Please refer to comments for more info) | E9: SALARY | F9: FTE (Enter #) | G9: BASE FUNDING | K9: Instructions: STEP 1: Enter HUMAN RESOURCE details by selecting resource job titles (available for selection in Column B dropdown - Salary will automatically populate) Include annual full-time equivalent (FTE) # for each resource in Column F Base Funding Total will automatically calculate. Please identify the primary deployment site where the FTE will deliver services on this sheet in Column D. STEP 2: Enter number of Specialist Sessions in Column C (Funding will automatically calculate based on included rate - $760 per three hours) Enter annual NP FTE amount for Collaborating Physicians in Column C (Funding will automatically calculate based on included rated - $12,309.69 per year, per FTE NP) Please identify the primary deployment site where the FTE will deliver services on this sheet in Column D. STEP 3: Enter PHYSICIAN FTE by including annual FTE amount for each Physician type (CHC, BSM, IPHCO) in Column C Please identify the primary deployment site where the FTE will deliver services on this sheet in Column D. STEP 4: Review OPERATIONAL OVERHEAD details in the available cells (it reflects a 25% per FTE overhead charge for the total FTE found in the Human Resources table above) STEP 5: Complete a separate Partner IPCT Budget Tab for each participating IPCT and select the applicable funding arrangement from the dropdown. Enter funding and FTE details only for IPCTs for which funding is requested. Notes: - Please select the position title that most closely aligns with the role for the FTEs being requested - Salary rates are for budgeting purposes and do not incorporate future increases. - This budget sheet is applicable only to the purposes of this specific funding Important: Do not alter the structure, formulas, formatting, or dropdowns in this template. If you require additional rows or Partner IPCT Budget Tabs, please contact primarycareexpansion@ontariohealth.ca
C10: =IFERROR(VLOOKUP($B10,Roles!$A$2:$C$54,2,FALSE),"") | E10: =IFERROR(VLOOKUP($B10,Roles!$A$2:$C$54,3,FALSE),"") | G10: =IFERROR(F10*E10,"")
C11: =IFERROR(VLOOKUP($B11,Roles!$A$2:$C$54,2,FALSE),"") | E11: =IFERROR(VLOOKUP($B11,Roles!$A$2:$C$54,3,FALSE),"") | G11: =IFERROR(F11*E11,"")
C12: =IFERROR(VLOOKUP($B12,Roles!$A$2:$C$54,2,FALSE),"") | E12: =IFERROR(VLOOKUP($B12,Roles!$A$2:$C$54,3,FALSE),"") | G12: =IFERROR(F12*E12,"")
C13: =IFERROR(VLOOKUP($B13,Roles!$A$2:$C$54,2,FALSE),"") | E13: =IFERROR(VLOOKUP($B13,Roles!$A$2:$C$54,3,FALSE),"") | G13: =IFERROR(F13*E13,"")
C14: =IFERROR(VLOOKUP($B14,Roles!$A$2:$C$54,2,FALSE),"") | E14: =IFERROR(VLOOKUP($B14,Roles!$A$2:$C$54,3,FALSE),"") | G14: =IFERROR(F14*E14,"")
C15: =IFERROR(VLOOKUP($B15,Roles!$A$2:$C$54,2,FALSE),"") | E15: =IFERROR(VLOOKUP($B15,Roles!$A$2:$C$54,3,FALSE),"") | G15: =IFERROR(F15*E15,"")
C16: =IFERROR(VLOOKUP($B16,Roles!$A$2:$C$54,2,FALSE),"") | E16: =IFERROR(VLOOKUP($B16,Roles!$A$2:$C$54,3,FALSE),"") | G16: =IFERROR(F16*E16,"")
C17: =IFERROR(VLOOKUP($B17,Roles!$A$2:$C$54,2,FALSE),"") | E17: =IFERROR(VLOOKUP($B17,Roles!$A$2:$C$54,3,FALSE),"") | G17: =IFERROR(F17*E17,"")
C18: =IFERROR(VLOOKUP($B18,Roles!$A$2:$C$54,2,FALSE),"") | E18: =IFERROR(VLOOKUP($B18,Roles!$A$2:$C$54,3,FALSE),"") | G18: =IFERROR(F18*E18,"")
C19: =IFERROR(VLOOKUP($B19,Roles!$A$2:$C$54,2,FALSE),"") | E19: =IFERROR(VLOOKUP($B19,Roles!$A$2:$C$54,3,FALSE),"") | G19: =IFERROR(F19*E19,"")
C20: =IFERROR(VLOOKUP($B20,Roles!$A$2:$C$54,2,FALSE),"") | E20: =IFERROR(VLOOKUP($B20,Roles!$A$2:$C$54,3,FALSE),"") | G20: =IFERROR(F20*E20,"")
C21: =IFERROR(VLOOKUP($B21,Roles!$A$2:$C$54,2,FALSE),"") | E21: =IFERROR(VLOOKUP($B21,Roles!$A$2:$C$54,3,FALSE),"") | G21: =IFERROR(F21*E21,"")
... C32: =IFERROR(VLOOKUP($B32,Roles!$A$2:$C$54,2,FALSE),"") | E32: =IFERROR(VLOOKUP($B32,Roles!$A$2:$C$54,3,FALSE),"") | G32: =IFERROR(F32*E32,"")
B33: TOTAL SALARIES | G33: =SUM(G10:G32) -> 0
B34: TOTAL BENEFITS (22.5% of total salary amount) | G34: =G33*0.225 -> 0
B35: TOTAL HUMAN RESOURCES | E35: FTE: | F35: =SUM(F10:F32) -> 0 | G35: =SUM(G33,G34) -> 0
B37: SPECIALIST SESSIONALS / COLLABORATING PHYSICIAN(S) | C37: NUMBER OF SESSIONALS or FTE (ADJUSTED) | D37: Service Delivery Site (Where FTE is Deployed) (Please refer to comments for more info) | E37: RATE | G37: BASE FUNDING
B38: Specialist Sessionals (FHT only) Please enter # of sessionals --> | E38: 760 | G38: =IFERROR(C38*E38,"") -> 0
B39: Collaborating Physicians (NPLC only) Please enter NP FTE # --> | E39: 12309.69 | G39: =IFERROR(C39*E39,"") -> 0
B41: PHYSICIAN FTE SALARIES (CHC, BSM, IPHCO) | C41: FTE (ADJUSTED) | D41: Service Delivery Site (Where FTE is Deployed) (Please refer to comments for more info) | E41: RATE | G41: BASE FUNDING
B42: Physician - CHC Please enter FTE # --> | E42: 414968.06 | G42: =E42*C42 -> 0
A43: FTE | B43: Physician - BSM (Level 2) Please enter FTE # --> | E43: 259672 | G43: =E43*C43 -> 0
B44: Physician - IPHCO Please enter FTE # --> | E44: 414968.06 | G44: =E44*C44 -> 0 | H44: =SUM(E42:E44) -> 1089608.1 | I44: =SUM(F42:F44) -> 0
B45: TOTAL PHYSICIAN COMPENSATION | G45: =SUM(G38:G39)+SUM(G42:G44) -> 0 | H45: =SUM(B42:B44) -> 0 | I45: =SUM(C42:C44) -> 0
B47: OPERATIONAL OVERHEAD | C47: RATE | G47: BASE FUNDING
B48: Overhead (from Human Resources table above) | C48: ="25% on "&F35&" FTE" -> 25% on 0 FTE | G48: =SUM(G35*0.25) -> 0
B49: Overhead (from Physician FTE Salaries table above) | C49: ="25% on "&I45&" FTE" -> 25% on 0 FTE | G49: =SUM(G42:G44)*0.25 -> 0
B50: TOTAL OPERATIONAL OVERHEAD | G50: =SUM(G48:G49) -> 0
B52: TOTAL | G52: =SUM(G35,G45,G50) -> 0
B53: COMMENTS

Sheet Partner IPCT 3 Budget
B1: 2027/2028 IPCT Expansion Call for Proposals Budget Template
B4: Partner Organization Name: | D4: Preferred Arrangement for Funding Agreement:
B5: Partner Organization Type:
B6: Proposal ID: | C6: =IF('Lead Organization Budget'!C6="","",'Lead Organization Budget'!C6)
B9: HUMAN RESOURCES (Please select job title from dropdown below) | C9: TYPE | D9: Service Delivery Site (Where FTE is Deployed) (Please refer to comments for more info) | E9: SALARY | F9: FTE (Enter #) | G9: BASE FUNDING | K9: Instructions: STEP 1: Enter HUMAN RESOURCE details by selecting resource job titles (available for selection in Column B dropdown - Salary will automatically populate) Include annual full-time equivalent (FTE) # for each resource in Column F Base Funding Total will automatically calculate. Please identify the primary deployment site where the FTE will deliver services on this sheet in Column D. STEP 2: Enter number of Specialist Sessions in Column C (Funding will automatically calculate based on included rate - $760 per three hours) Enter annual NP FTE amount for Collaborating Physicians in Column C (Funding will automatically calculate based on included rated - $12,309.69 per year, per FTE NP) Please identify the primary deployment site where the FTE will deliver services on this sheet in Column D. STEP 3: Enter PHYSICIAN FTE by including annual FTE amount for each Physician type (CHC, BSM, IPHCO) in Column C Please identify the primary deployment site where the FTE will deliver services on this sheet in Column D. STEP 4: Review OPERATIONAL OVERHEAD details in the available cells (it reflects a 25% per FTE overhead charge for the total FTE found in the Human Resources table above) STEP 5: Complete a separate Partner IPCT Budget Tab for each participating IPCT and select the applicable funding arrangement from the dropdown. Enter funding and FTE details only for IPCTs for which funding is requested. Notes: - Please select the position title that most closely aligns with the role for the FTEs being requested - Salary rates are for budgeting purposes and do not incorporate future increases. - This budget sheet is applicable only to the purposes of this specific funding Important: Do not alter the structure, formulas, formatting, or dropdowns in this template. If you require additional rows or Partner IPCT Budget Tabs, please contact primarycareexpansion@ontariohealth.ca
C10: =IFERROR(VLOOKUP($B10,Roles!$A$2:$C$54,2,FALSE),"") | E10: =IFERROR(VLOOKUP($B10,Roles!$A$2:$C$54,3,FALSE),"") | G10: =IFERROR(F10*E10,"")
C11: =IFERROR(VLOOKUP($B11,Roles!$A$2:$C$54,2,FALSE),"") | E11: =IFERROR(VLOOKUP($B11,Roles!$A$2:$C$54,3,FALSE),"") | G11: =IFERROR(F11*E11,"")
C12: =IFERROR(VLOOKUP($B12,Roles!$A$2:$C$54,2,FALSE),"") | E12: =IFERROR(VLOOKUP($B12,Roles!$A$2:$C$54,3,FALSE),"") | G12: =IFERROR(F12*E12,"")
C13: =IFERROR(VLOOKUP($B13,Roles!$A$2:$C$54,2,FALSE),"") | E13: =IFERROR(VLOOKUP($B13,Roles!$A$2:$C$54,3,FALSE),"") | G13: =IFERROR(F13*E13,"")
C14: =IFERROR(VLOOKUP($B14,Roles!$A$2:$C$54,2,FALSE),"") | E14: =IFERROR(VLOOKUP($B14,Roles!$A$2:$C$54,3,FALSE),"") | G14: =IFERROR(F14*E14,"")
C15: =IFERROR(VLOOKUP($B15,Roles!$A$2:$C$54,2,FALSE),"") | E15: =IFERROR(VLOOKUP($B15,Roles!$A$2:$C$54,3,FALSE),"") | G15: =IFERROR(F15*E15,"")
C16: =IFERROR(VLOOKUP($B16,Roles!$A$2:$C$54,2,FALSE),"") | E16: =IFERROR(VLOOKUP($B16,Roles!$A$2:$C$54,3,FALSE),"") | G16: =IFERROR(F16*E16,"")
C17: =IFERROR(VLOOKUP($B17,Roles!$A$2:$C$54,2,FALSE),"") | E17: =IFERROR(VLOOKUP($B17,Roles!$A$2:$C$54,3,FALSE),"") | G17: =IFERROR(F17*E17,"")
C18: =IFERROR(VLOOKUP($B18,Roles!$A$2:$C$54,2,FALSE),"") | E18: =IFERROR(VLOOKUP($B18,Roles!$A$2:$C$54,3,FALSE),"") | G18: =IFERROR(F18*E18,"")
C19: =IFERROR(VLOOKUP($B19,Roles!$A$2:$C$54,2,FALSE),"") | E19: =IFERROR(VLOOKUP($B19,Roles!$A$2:$C$54,3,FALSE),"") | G19: =IFERROR(F19*E19,"")
C20: =IFERROR(VLOOKUP($B20,Roles!$A$2:$C$54,2,FALSE),"") | E20: =IFERROR(VLOOKUP($B20,Roles!$A$2:$C$54,3,FALSE),"") | G20: =IFERROR(F20*E20,"")
C21: =IFERROR(VLOOKUP($B21,Roles!$A$2:$C$54,2,FALSE),"") | E21: =IFERROR(VLOOKUP($B21,Roles!$A$2:$C$54,3,FALSE),"") | G21: =IFERROR(F21*E21,"")
... C32: =IFERROR(VLOOKUP($B32,Roles!$A$2:$C$54,2,FALSE),"") | E32: =IFERROR(VLOOKUP($B32,Roles!$A$2:$C$54,3,FALSE),"") | G32: =IFERROR(F32*E32,"")
B33: TOTAL SALARIES | G33: =SUM(G10:G32) -> 0
B34: TOTAL BENEFITS (22.5% of total salary amount) | G34: =G33*0.225 -> 0
B35: TOTAL HUMAN RESOURCES | E35: FTE: | F35: =SUM(F10:F32) -> 0 | G35: =SUM(G33,G34) -> 0
B37: SPECIALIST SESSIONALS / COLLABORATING PHYSICIAN(S) | C37: NUMBER OF SESSIONALS or FTE (ADJUSTED) | D37: Service Delivery Site (Where FTE is Deployed) (Please refer to comments for more info) | E37: RATE | G37: BASE FUNDING
B38: Specialist Sessionals (FHT only) Please enter # of sessionals --> | E38: 760 | G38: =IFERROR(C38*E38,"") -> 0
B39: Collaborating Physicians (NPLC only) Please enter NP FTE # --> | E39: 12309.69 | G39: =IFERROR(C39*E39,"") -> 0
B41: PHYSICIAN FTE SALARIES (CHC, BSM, IPHCO) | C41: FTE (ADJUSTED) | D41: Service Delivery Site (Where FTE is Deployed) (Please refer to comments for more info) | E41: RATE | G41: BASE FUNDING
B42: Physician - CHC Please enter FTE # --> | E42: 414968.06 | G42: =E42*C42 -> 0
A43: FTE | B43: Physician - BSM (Level 2) Please enter FTE # --> | E43: 259672 | G43: =E43*C43 -> 0
B44: Physician - IPHCO Please enter FTE # --> | E44: 414968.06 | G44: =E44*C44 -> 0 | H44: =SUM(E42:E44) -> 1089608.1 | I44: =SUM(F42:F44) -> 0
B45: TOTAL PHYSICIAN COMPENSATION | G45: =SUM(G38:G39)+SUM(G42:G44) -> 0 | H45: =SUM(B42:B44) -> 0 | I45: =SUM(C42:C44) -> 0
B47: OPERATIONAL OVERHEAD | C47: RATE | G47: BASE FUNDING
B48: Overhead (from Human Resources table above) | C48: ="25% on "&F35&" FTE" -> 25% on 0 FTE | G48: =SUM(G35*0.25) -> 0
B49: Overhead (from Physician FTE Salaries table above) | C49: ="25% on "&I45&" FTE" -> 25% on 0 FTE | G49: =SUM(G42:G44)*0.25 -> 0
B50: TOTAL OPERATIONAL OVERHEAD | G50: =SUM(G48:G49) -> 0
B52: TOTAL | G52: =SUM(G35,G45,G50) -> 0
B53: COMMENTS

Sheet Partner IPCT 4 Budget
B1: 2027/2028 IPCT Expansion Call for Proposals Budget Template
B4: Partner Organization Name: | D4: Preferred Arrangement for Funding Agreement:
B5: Partner Organization Type:
B6: Proposal ID: | C6: =IF('Lead Organization Budget'!C6="","",'Lead Organization Budget'!C6)
B9: HUMAN RESOURCES (Please select job title from dropdown below) | C9: TYPE | D9: Service Delivery Site (Where FTE is Deployed) (Please refer to comments for more info) | E9: SALARY | F9: FTE (Enter #) | G9: BASE FUNDING | K9: Instructions: STEP 1: Enter HUMAN RESOURCE details by selecting resource job titles (available for selection in Column B dropdown - Salary will automatically populate) Include annual full-time equivalent (FTE) # for each resource in Column F Base Funding Total will automatically calculate. Please identify the primary deployment site where the FTE will deliver services on this sheet in Column D. STEP 2: Enter number of Specialist Sessions in Column C (Funding will automatically calculate based on included rate - $760 per three hours) Enter annual NP FTE amount for Collaborating Physicians in Column C (Funding will automatically calculate based on included rated - $12,309.69 per year, per FTE NP) Please identify the primary deployment site where the FTE will deliver services on this sheet in Column D. STEP 3: Enter PHYSICIAN FTE by including annual FTE amount for each Physician type (CHC, BSM, IPHCO) in Column C Please identify the primary deployment site where the FTE will deliver services on this sheet in Column D. STEP 4: Review OPERATIONAL OVERHEAD details in the available cells (it reflects a 25% per FTE overhead charge for the total FTE found in the Human Resources table above) STEP 5: Complete a separate Partner IPCT Budget Tab for each participating IPCT and select the applicable funding arrangement from the dropdown. Enter funding and FTE details only for IPCTs for which funding is requested. Notes: - Please select the position title that most closely aligns with the role for the FTEs being requested - Salary rates are for budgeting purposes and do not incorporate future increases. - This budget sheet is applicable only to the purposes of this specific funding Important: Do not alter the structure, formulas, formatting, or dropdowns in this template. If you require additional rows or Partner IPCT Budget Tabs, please contact primarycareexpansion@ontariohealth.ca
C10: =IFERROR(VLOOKUP($B10,Roles!$A$2:$C$54,2,FALSE),"") | E10: =IFERROR(VLOOKUP($B10,Roles!$A$2:$C$54,3,FALSE),"") | G10: =IFERROR(F10*E10,"")
C11: =IFERROR(VLOOKUP($B11,Roles!$A$2:$C$54,2,FALSE),"") | E11: =IFERROR(VLOOKUP($B11,Roles!$A$2:$C$54,3,FALSE),"") | G11: =IFERROR(F11*E11,"")
C12: =IFERROR(VLOOKUP($B12,Roles!$A$2:$C$54,2,FALSE),"") | E12: =IFERROR(VLOOKUP($B12,Roles!$A$2:$C$54,3,FALSE),"") | G12: =IFERROR(F12*E12,"")
C13: =IFERROR(VLOOKUP($B13,Roles!$A$2:$C$54,2,FALSE),"") | E13: =IFERROR(VLOOKUP($B13,Roles!$A$2:$C$54,3,FALSE),"") | G13: =IFERROR(F13*E13,"")
C14: =IFERROR(VLOOKUP($B14,Roles!$A$2:$C$54,2,FALSE),"") | E14: =IFERROR(VLOOKUP($B14,Roles!$A$2:$C$54,3,FALSE),"") | G14: =IFERROR(F14*E14,"")
C15: =IFERROR(VLOOKUP($B15,Roles!$A$2:$C$54,2,FALSE),"") | E15: =IFERROR(VLOOKUP($B15,Roles!$A$2:$C$54,3,FALSE),"") | G15: =IFERROR(F15*E15,"")
C16: =IFERROR(VLOOKUP($B16,Roles!$A$2:$C$54,2,FALSE),"") | E16: =IFERROR(VLOOKUP($B16,Roles!$A$2:$C$54,3,FALSE),"") | G16: =IFERROR(F16*E16,"")
C17: =IFERROR(VLOOKUP($B17,Roles!$A$2:$C$54,2,FALSE),"") | E17: =IFERROR(VLOOKUP($B17,Roles!$A$2:$C$54,3,FALSE),"") | G17: =IFERROR(F17*E17,"")
C18: =IFERROR(VLOOKUP($B18,Roles!$A$2:$C$54,2,FALSE),"") | E18: =IFERROR(VLOOKUP($B18,Roles!$A$2:$C$54,3,FALSE),"") | G18: =IFERROR(F18*E18,"")
C19: =IFERROR(VLOOKUP($B19,Roles!$A$2:$C$54,2,FALSE),"") | E19: =IFERROR(VLOOKUP($B19,Roles!$A$2:$C$54,3,FALSE),"") | G19: =IFERROR(F19*E19,"")
C20: =IFERROR(VLOOKUP($B20,Roles!$A$2:$C$54,2,FALSE),"") | E20: =IFERROR(VLOOKUP($B20,Roles!$A$2:$C$54,3,FALSE),"") | G20: =IFERROR(F20*E20,"")
C21: =IFERROR(VLOOKUP($B21,Roles!$A$2:$C$54,2,FALSE),"") | E21: =IFERROR(VLOOKUP($B21,Roles!$A$2:$C$54,3,FALSE),"") | G21: =IFERROR(F21*E21,"")
... C32: =IFERROR(VLOOKUP($B32,Roles!$A$2:$C$54,2,FALSE),"") | E32: =IFERROR(VLOOKUP($B32,Roles!$A$2:$C$54,3,FALSE),"") | G32: =IFERROR(F32*E32,"")
B33: TOTAL SALARIES | G33: =SUM(G10:G32) -> 0
B34: TOTAL BENEFITS (22.5% of total salary amount) | G34: =G33*0.225 -> 0
B35: TOTAL HUMAN RESOURCES | E35: FTE: | F35: =SUM(F10:F32) -> 0 | G35: =SUM(G33,G34) -> 0
B37: SPECIALIST SESSIONALS / COLLABORATING PHYSICIAN(S) | C37: NUMBER OF SESSIONALS or FTE (ADJUSTED) | D37: Service Delivery Site (Where FTE is Deployed) (Please refer to comments for more info) | E37: RATE | G37: BASE FUNDING
B38: Specialist Sessionals (FHT only) Please enter # of sessionals --> | E38: 760 | G38: =IFERROR(C38*E38,"") -> 0
B39: Collaborating Physicians (NPLC only) Please enter NP FTE # --> | E39: 12309.69 | G39: =IFERROR(C39*E39,"") -> 0
B41: PHYSICIAN FTE SALARIES (CHC, BSM, IPHCO) | C41: FTE (ADJUSTED) | D41: Service Delivery Site (Where FTE is Deployed) (Please refer to comments for more info) | E41: RATE | G41: BASE FUNDING
B42: Physician - CHC Please enter FTE # --> | E42: 414968.06 | G42: =E42*C42 -> 0
A43: FTE | B43: Physician - BSM (Level 2) Please enter FTE # --> | E43: 259672 | G43: =E43*C43 -> 0
B44: Physician - IPHCO Please enter FTE # --> | E44: 414968.06 | G44: =E44*C44 -> 0 | H44: =SUM(E42:E44) -> 1089608.1 | I44: =SUM(F42:F44) -> 0
B45: TOTAL PHYSICIAN COMPENSATION | G45: =SUM(G38:G39)+SUM(G42:G44) -> 0 | H45: =SUM(B42:B44) -> 0 | I45: =SUM(C42:C44) -> 0
B47: OPERATIONAL OVERHEAD | C47: RATE | G47: BASE FUNDING
B48: Overhead (from Human Resources table above) | C48: ="25% on "&F35&" FTE" -> 25% on 0 FTE | G48: =SUM(G35*0.25) -> 0
B49: Overhead (from Physician FTE Salaries table above) | C49: ="25% on "&I45&" FTE" -> 25% on 0 FTE | G49: =SUM(G42:G44)*0.25 -> 0
B50: TOTAL OPERATIONAL OVERHEAD | G50: =SUM(G48:G49) -> 0
B52: TOTAL | G52: =SUM(G35,G45,G50) -> 0
B53: COMMENTS

Sheet Partner IPCT 5 Budget
B1: 2027/2028 IPCT Expansion Call for Proposals Budget Template
B4: Partner Organization Name: | D4: Preferred Arrangement for Funding Agreement:
B5: Partner Organization Type:
B6: Proposal ID: | C6: =IF('Lead Organization Budget'!C6="","",'Lead Organization Budget'!C6)
B9: HUMAN RESOURCES (Please select job title from dropdown below) | C9: TYPE | D9: Service Delivery Site (Where FTE is Deployed) (Please refer to comments for more info) | E9: SALARY | F9: FTE (Enter #) | G9: BASE FUNDING | K9: Instructions: STEP 1: Enter HUMAN RESOURCE details by selecting resource job titles (available for selection in Column B dropdown - Salary will automatically populate) Include annual full-time equivalent (FTE) # for each resource in Column F Base Funding Total will automatically calculate. Please identify the primary deployment site where the FTE will deliver services on this sheet in Column D. STEP 2: Enter number of Specialist Sessions in Column C (Funding will automatically calculate based on included rate - $760 per three hours) Enter annual NP FTE amount for Collaborating Physicians in Column C (Funding will automatically calculate based on included rated - $12,309.69 per year, per FTE NP) Please identify the primary deployment site where the FTE will deliver services on this sheet in Column D. STEP 3: Enter PHYSICIAN FTE by including annual FTE amount for each Physician type (CHC, BSM, IPHCO) in Column C Please identify the primary deployment site where the FTE will deliver services on this sheet in Column D. STEP 4: Review OPERATIONAL OVERHEAD details in the available cells (it reflects a 25% per FTE overhead charge for the total FTE found in the Human Resources table above) STEP 5: Complete a separate Partner IPCT Budget Tab for each participating IPCT and select the applicable funding arrangement from the dropdown. Enter funding and FTE details only for IPCTs for which funding is requested. Notes: - Please select the position title that most closely aligns with the role for the FTEs being requested - Salary rates are for budgeting purposes and do not incorporate future increases. - This budget sheet is applicable only to the purposes of this specific funding Important: Do not alter the structure, formulas, formatting, or dropdowns in this template. If you require additional rows or Partner IPCT Budget Tabs, please contact primarycareexpansion@ontariohealth.ca
C10: =IFERROR(VLOOKUP($B10,Roles!$A$2:$C$54,2,FALSE),"") | E10: =IFERROR(VLOOKUP($B10,Roles!$A$2:$C$54,3,FALSE),"") | G10: =IFERROR(F10*E10,"")
C11: =IFERROR(VLOOKUP($B11,Roles!$A$2:$C$54,2,FALSE),"") | E11: =IFERROR(VLOOKUP($B11,Roles!$A$2:$C$54,3,FALSE),"") | G11: =IFERROR(F11*E11,"")
C12: =IFERROR(VLOOKUP($B12,Roles!$A$2:$C$54,2,FALSE),"") | E12: =IFERROR(VLOOKUP($B12,Roles!$A$2:$C$54,3,FALSE),"") | G12: =IFERROR(F12*E12,"")
C13: =IFERROR(VLOOKUP($B13,Roles!$A$2:$C$54,2,FALSE),"") | E13: =IFERROR(VLOOKUP($B13,Roles!$A$2:$C$54,3,FALSE),"") | G13: =IFERROR(F13*E13,"")
C14: =IFERROR(VLOOKUP($B14,Roles!$A$2:$C$54,2,FALSE),"") | E14: =IFERROR(VLOOKUP($B14,Roles!$A$2:$C$54,3,FALSE),"") | G14: =IFERROR(F14*E14,"")
C15: =IFERROR(VLOOKUP($B15,Roles!$A$2:$C$54,2,FALSE),"") | E15: =IFERROR(VLOOKUP($B15,Roles!$A$2:$C$54,3,FALSE),"") | G15: =IFERROR(F15*E15,"")
C16: =IFERROR(VLOOKUP($B16,Roles!$A$2:$C$54,2,FALSE),"") | E16: =IFERROR(VLOOKUP($B16,Roles!$A$2:$C$54,3,FALSE),"") | G16: =IFERROR(F16*E16,"")
C17: =IFERROR(VLOOKUP($B17,Roles!$A$2:$C$54,2,FALSE),"") | E17: =IFERROR(VLOOKUP($B17,Roles!$A$2:$C$54,3,FALSE),"") | G17: =IFERROR(F17*E17,"")
C18: =IFERROR(VLOOKUP($B18,Roles!$A$2:$C$54,2,FALSE),"") | E18: =IFERROR(VLOOKUP($B18,Roles!$A$2:$C$54,3,FALSE),"") | G18: =IFERROR(F18*E18,"")
C19: =IFERROR(VLOOKUP($B19,Roles!$A$2:$C$54,2,FALSE),"") | E19: =IFERROR(VLOOKUP($B19,Roles!$A$2:$C$54,3,FALSE),"") | G19: =IFERROR(F19*E19,"")
C20: =IFERROR(VLOOKUP($B20,Roles!$A$2:$C$54,2,FALSE),"") | E20: =IFERROR(VLOOKUP($B20,Roles!$A$2:$C$54,3,FALSE),"") | G20: =IFERROR(F20*E20,"")
C21: =IFERROR(VLOOKUP($B21,Roles!$A$2:$C$54,2,FALSE),"") | E21: =IFERROR(VLOOKUP($B21,Roles!$A$2:$C$54,3,FALSE),"") | G21: =IFERROR(F21*E21,"")
... C32: =IFERROR(VLOOKUP($B32,Roles!$A$2:$C$54,2,FALSE),"") | E32: =IFERROR(VLOOKUP($B32,Roles!$A$2:$C$54,3,FALSE),"") | G32: =IFERROR(F32*E32,"")
B33: TOTAL SALARIES | G33: =SUM(G10:G32) -> 0
B34: TOTAL BENEFITS (22.5% of total salary amount) | G34: =G33*0.225 -> 0
B35: TOTAL HUMAN RESOURCES | E35: FTE: | F35: =SUM(F10:F32) -> 0 | G35: =SUM(G33,G34) -> 0
B37: SPECIALIST SESSIONALS / COLLABORATING PHYSICIAN(S) | C37: NUMBER OF SESSIONALS or FTE (ADJUSTED) | D37: Service Delivery Site (Where FTE is Deployed) (Please refer to comments for more info) | E37: RATE | G37: BASE FUNDING
B38: Specialist Sessionals (FHT only) Please enter # of sessionals --> | E38: 760 | G38: =IFERROR(C38*E38,"") -> 0
B39: Collaborating Physicians (NPLC only) Please enter NP FTE # --> | E39: 12309.69 | G39: =IFERROR(C39*E39,"") -> 0
B41: PHYSICIAN FTE SALARIES (CHC, BSM, IPHCO) | C41: FTE (ADJUSTED) | D41: Service Delivery Site (Where FTE is Deployed) (Please refer to comments for more info) | E41: RATE | G41: BASE FUNDING
B42: Physician - CHC Please enter FTE # --> | E42: 414968.06 | G42: =E42*C42 -> 0
A43: FTE | B43: Physician - BSM (Level 2) Please enter FTE # --> | E43: 259672 | G43: =E43*C43 -> 0
B44: Physician - IPHCO Please enter FTE # --> | E44: 414968.06 | G44: =E44*C44 -> 0 | H44: =SUM(E42:E44) -> 1089608.1 | I44: =SUM(F42:F44) -> 0
B45: TOTAL PHYSICIAN COMPENSATION | G45: =SUM(G38:G39)+SUM(G42:G44) -> 0 | H45: =SUM(B42:B44) -> 0 | I45: =SUM(C42:C44) -> 0
B47: OPERATIONAL OVERHEAD | C47: RATE | G47: BASE FUNDING
B48: Overhead (from Human Resources table above) | C48: ="25% on "&F35&" FTE" -> 25% on 0 FTE | G48: =SUM(G35*0.25) -> 0
B49: Overhead (from Physician FTE Salaries table above) | C49: ="25% on "&I45&" FTE" -> 25% on 0 FTE | G49: =SUM(G42:G44)*0.25 -> 0
B50: TOTAL OPERATIONAL OVERHEAD | G50: =SUM(G48:G49) -> 0
B52: TOTAL | G52: =SUM(G35,G45,G50) -> 0
B53: COMMENTS

Sheet Partner IPCT 6 Budget
B1: 2027/2028 IPCT Expansion Call for Proposals Budget Template
B4: Partner Organization Name: | D4: Preferred Arrangement for Funding Agreement:
B5: Partner Organization Type:
B6: Proposal ID: | C6: =IF('Lead Organization Budget'!C6="","",'Lead Organization Budget'!C6)
B9: HUMAN RESOURCES (Please select job title from dropdown below) | C9: TYPE | D9: Service Delivery Site (Where FTE is Deployed) (Please refer to comments for more info) | E9: SALARY | F9: FTE (Enter #) | G9: BASE FUNDING | K9: Instructions: STEP 1: Enter HUMAN RESOURCE details by selecting resource job titles (available for selection in Column B dropdown - Salary will automatically populate) Include annual full-time equivalent (FTE) # for each resource in Column F Base Funding Total will automatically calculate. Please identify the primary deployment site where the FTE will deliver services on this sheet in Column D. STEP 2: Enter number of Specialist Sessions in Column C (Funding will automatically calculate based on included rate - $760 per three hours) Enter annual NP FTE amount for Collaborating Physicians in Column C (Funding will automatically calculate based on included rated - $12,309.69 per year, per FTE NP) Please identify the primary deployment site where the FTE will deliver services on this sheet in Column D. STEP 3: Enter PHYSICIAN FTE by including annual FTE amount for each Physician type (CHC, BSM, IPHCO) in Column C Please identify the primary deployment site where the FTE will deliver services on this sheet in Column D. STEP 4: Review OPERATIONAL OVERHEAD details in the available cells (it reflects a 25% per FTE overhead charge for the total FTE found in the Human Resources table above) STEP 5: Complete a separate Partner IPCT Budget Tab for each participating IPCT and select the applicable funding arrangement from the dropdown. Enter funding and FTE details only for IPCTs for which funding is requested. Notes: - Please select the position title that most closely aligns with the role for the FTEs being requested - Salary rates are for budgeting purposes and do not incorporate future increases. - This budget sheet is applicable only to the purposes of this specific funding Important: Do not alter the structure, formulas, formatting, or dropdowns in this template. If you require additional rows or Partner IPCT Budget Tabs, please contact primarycareexpansion@ontariohealth.ca
C10: =IFERROR(VLOOKUP($B10,Roles!$A$2:$C$54,2,FALSE),"") | E10: =IFERROR(VLOOKUP($B10,Roles!$A$2:$C$54,3,FALSE),"") | G10: =IFERROR(F10*E10,"")
C11: =IFERROR(VLOOKUP($B11,Roles!$A$2:$C$54,2,FALSE),"") | E11: =IFERROR(VLOOKUP($B11,Roles!$A$2:$C$54,3,FALSE),"") | G11: =IFERROR(F11*E11,"")
C12: =IFERROR(VLOOKUP($B12,Roles!$A$2:$C$54,2,FALSE),"") | E12: =IFERROR(VLOOKUP($B12,Roles!$A$2:$C$54,3,FALSE),"") | G12: =IFERROR(F12*E12,"")
C13: =IFERROR(VLOOKUP($B13,Roles!$A$2:$C$54,2,FALSE),"") | E13: =IFERROR(VLOOKUP($B13,Roles!$A$2:$C$54,3,FALSE),"") | G13: =IFERROR(F13*E13,"")
C14: =IFERROR(VLOOKUP($B14,Roles!$A$2:$C$54,2,FALSE),"") | E14: =IFERROR(VLOOKUP($B14,Roles!$A$2:$C$54,3,FALSE),"") | G14: =IFERROR(F14*E14,"")
C15: =IFERROR(VLOOKUP($B15,Roles!$A$2:$C$54,2,FALSE),"") | E15: =IFERROR(VLOOKUP($B15,Roles!$A$2:$C$54,3,FALSE),"") | G15: =IFERROR(F15*E15,"")
C16: =IFERROR(VLOOKUP($B16,Roles!$A$2:$C$54,2,FALSE),"") | E16: =IFERROR(VLOOKUP($B16,Roles!$A$2:$C$54,3,FALSE),"") | G16: =IFERROR(F16*E16,"")
C17: =IFERROR(VLOOKUP($B17,Roles!$A$2:$C$54,2,FALSE),"") | E17: =IFERROR(VLOOKUP($B17,Roles!$A$2:$C$54,3,FALSE),"") | G17: =IFERROR(F17*E17,"")
C18: =IFERROR(VLOOKUP($B18,Roles!$A$2:$C$54,2,FALSE),"") | E18: =IFERROR(VLOOKUP($B18,Roles!$A$2:$C$54,3,FALSE),"") | G18: =IFERROR(F18*E18,"")
C19: =IFERROR(VLOOKUP($B19,Roles!$A$2:$C$54,2,FALSE),"") | E19: =IFERROR(VLOOKUP($B19,Roles!$A$2:$C$54,3,FALSE),"") | G19: =IFERROR(F19*E19,"")
C20: =IFERROR(VLOOKUP($B20,Roles!$A$2:$C$54,2,FALSE),"") | E20: =IFERROR(VLOOKUP($B20,Roles!$A$2:$C$54,3,FALSE),"") | G20: =IFERROR(F20*E20,"")
C21: =IFERROR(VLOOKUP($B21,Roles!$A$2:$C$54,2,FALSE),"") | E21: =IFERROR(VLOOKUP($B21,Roles!$A$2:$C$54,3,FALSE),"") | G21: =IFERROR(F21*E21,"")
... C32: =IFERROR(VLOOKUP($B32,Roles!$A$2:$C$54,2,FALSE),"") | E32: =IFERROR(VLOOKUP($B32,Roles!$A$2:$C$54,3,FALSE),"") | G32: =IFERROR(F32*E32,"")
B33: TOTAL SALARIES | G33: =SUM(G10:G32) -> 0
B34: TOTAL BENEFITS (22.5% of total salary amount) | G34: =G33*0.225 -> 0
B35: TOTAL HUMAN RESOURCES | E35: FTE: | F35: =SUM(F10:F32) -> 0 | G35: =SUM(G33,G34) -> 0
B37: SPECIALIST SESSIONALS / COLLABORATING PHYSICIAN(S) | C37: NUMBER OF SESSIONALS or FTE (ADJUSTED) | D37: Service Delivery Site (Where FTE is Deployed) (Please refer to comments for more info) | E37: RATE | G37: BASE FUNDING
B38: Specialist Sessionals (FHT only) Please enter # of sessionals --> | E38: 760 | G38: =IFERROR(C38*E38,"") -> 0
B39: Collaborating Physicians (NPLC only) Please enter NP FTE # --> | E39: 12309.69 | G39: =IFERROR(C39*E39,"") -> 0
B41: PHYSICIAN FTE SALARIES (CHC, BSM, IPHCO) | C41: FTE (ADJUSTED) | D41: Service Delivery Site (Where FTE is Deployed) (Please refer to comments for more info) | E41: RATE | G41: BASE FUNDING
B42: Physician - CHC Please enter FTE # --> | E42: 414968.06 | G42: =E42*C42 -> 0
A43: FTE | B43: Physician - BSM (Level 2) Please enter FTE # --> | E43: 259672 | G43: =E43*C43 -> 0
B44: Physician - IPHCO Please enter FTE # --> | E44: 414968.06 | G44: =E44*C44 -> 0 | H44: =SUM(E42:E44) -> 1089608.1 | I44: =SUM(F42:F44) -> 0
B45: TOTAL PHYSICIAN COMPENSATION | G45: =SUM(G38:G39)+SUM(G42:G44) -> 0 | H45: =SUM(B42:B44) -> 0 | I45: =SUM(C42:C44) -> 0
B47: OPERATIONAL OVERHEAD | C47: RATE | G47: BASE FUNDING
B48: Overhead (from Human Resources table above) | C48: ="25% on "&F35&" FTE" -> 25% on 0 FTE | G48: =SUM(G35*0.25) -> 0
B49: Overhead (from Physician FTE Salaries table above) | C49: ="25% on "&I45&" FTE" -> 25% on 0 FTE | G49: =SUM(G42:G44)*0.25 -> 0
B50: TOTAL OPERATIONAL OVERHEAD | G50: =SUM(G48:G49) -> 0
B52: TOTAL | G52: =SUM(G35,G45,G50) -> 0
B53: COMMENTS

Sheet One-time Startup Cost
B2: ONE-TIME STARTUP COSTS | C2: Associated Organization (list which organization the start up costs pertain to, if they pertain to all partners write "All") | D2: Associated Site (not necessary if Organization listed in column B only has one site) | E2: Type of Start-Up Cost (e.g., Clinical Space Related, Furniture, IT, Technology, etc.) | F2: TOTAL
B19: TOTAL ONE-TIME STARTUP COSTS | F19: =SUM(F4:F18) -> 0
G24: FALSE | H24: HHR surplus
G25: FALSE | H25: Operational overhead surplus

Sheet TOTAL (incl. partner sheets)
B1: 2027/2028 IPCT Expansion Call for Proposals Budget Template
B2: FTEs and Funding
F7: FTE | G7: FUNDING
B8: TOTAL HUMAN RESOURCES | F8: ='Lead Organization Budget'!F35+'Partner IPCT 1 Budget'!F35+'Partner IPCT 2 Budget'!F35+'Partner IPCT 3 Budget'!F35+'Partner IPCT 4 Budget'!F35+'Partner IPCT 5 Budget'!F35+'Partner IPCT 6 Budget'!F35 -> 0 | G8: ='Lead Organization Budget'!G35+'Partner IPCT 1 Budget'!G35+'Partner IPCT 2 Budget'!G35+'Partner IPCT 3 Budget'!G35+'Partner IPCT 4 Budget'!G35+'Partner IPCT 5 Budget'!G35+'Partner IPCT 6 Budget'!G35 -> 0
B10: TOTAL PHYSICIAN COMPENSATION | G10: ='Lead Organization Budget'!G45+'Partner IPCT 1 Budget'!G45+'Partner IPCT 2 Budget'!G45+'Partner IPCT 3 Budget'!G45+'Partner IPCT 4 Budget'!G45+'Partner IPCT 5 Budget'!G45+'Partner IPCT 6 Budget'!G45 -> 0
B12: TOTAL OPERATIONAL OVERHEAD | G12: ='Lead Organization Budget'!G50+'Partner IPCT 1 Budget'!G50+'Partner IPCT 2 Budget'!G50+'Partner IPCT 3 Budget'!G50+'Partner IPCT 4 Budget'!G50+'Partner IPCT 5 Budget'!G50+'Partner IPCT 6 Budget'!G50 -> 0
B15: TOTAL FUNDING | G15: =ROUND(SUM(G8,G10,G12),-2) -> 0
B17: COMMENTS

Sheet Roles
A1: IHP Role Title | B1: Category | C1: MOH Funded Rates
A2: Nurse Practitioner | B2: Interprofessional Health Provider | C2: 127987
A3: Nurse Practitioner (MRP) | B3: Interprofessional Health Provider | C3: 127987
A4: Social Worker | B4: Interprofessional Health Provider | C4: 77673
A5: Registered Nurse | B5: Interprofessional Health Provider | C5: 77673
A6: Registered Dietitian | B6: Interprofessional Health Provider | C6: 77673
A7: RPN | B7: Interprofessional Health Provider | C7: 55685.88
A8: Pharmacist | B8: Interprofessional Health Provider | C8: 101917.38
A9: Health Promoter/Educator | B9: Interprofessional Health Provider | C9: 77673
A10: Physiotherapist | B10: Interprofessional Health Provider | C10: 83986.8
A11: Clinical Assistant | B11: Interprofessional Health Provider | C11: 44540.34
A12: Case Worker/Manager | B12: Interprofessional Health Provider | C12: 77673
A13: Chiropractor | B13: Interprofessional Health Provider | C13: 87723.06
... A53: Volunteer Coordinator | B53: Management and Admin | C53: 61444.8

Sheet Target Calc
G10: TARGET CALCULATOR
G12: FHT, NPLCs, CHCs
G13: FTE Type | H13: Attachment per FTE
G14: NP or PA | H14: 800
G15: IHP | H15: 225
G16: MD | H16: 1400
G18: IPHCOs
G19: FTE Type | H19: Attachment per FTE
G20: NP or PA | H20: 400
G21: IHP | H21: 100
G22: MD | H22: 520
